 Dungeon Crawl Stone Soup version 0.31.0-11-ge490571c62 (webtiles) character file.

Game seed: 13792119678778092963

199 qw the Skirmisher (level 5, 0/30 HPs)
             Began as a Deep Elf Hunter on Feb 3, 2024.
             Slain by an orc priest
             ... wielding a +0 club
              (1 damage)
             ... on level 3 of the Dungeon.
             The game lasted 00:00:08 (1600 turns).

qw the Skirmisher (Deep Elf Hunter)                 Turns: 1600, Time: 00:00:08

Health: 0/30       AC:  9    Str: 10    XL:     5   Next: 48%
Magic:  7/7        EV: 11    Int: 14    God:
Gold:   88         SH:  5    Dex: 18    Spells: 4/4 levels left

rFire   . . .        a - +3 shortbow
rCold   . . .        (shield currently unavailable)
rNeg    . . .        g - +1 ring mail
rPois   .            (no helmet)
rElec   .            (no cloak)
rCorr   .            i - +2 pair of gloves
SInv    .            (no boots)
Will    .....        e - amulet of reflection
Stlth   +            (no ring)
HPRegen 0.25/turn    (no ring)
MPRegen 0.10/turn

%: reflection
@: about to teleport
A: no striking features
a: no special abilities


You were on level 3 of the Dungeon.
You visited 1 branch of the dungeon, and saw 3 of its levels.

You collected 88 gold pieces.


   Skills:
 + Level 1.6 Fighting
 - Level 9.0 Ranged Weapons
 - Level 2.4 Dodging
 - Level 1.2 Stealth


You had 4 spell levels left.
You didn't know any spells.
Your spell library was empty.

Inventory:

Hand Weapons
 a - a +3 shortbow (weapon)
Armour
 b - a +0 helmet
 g - a +1 ring mail (worn)
 i - a +2 pair of gloves (worn)
Jewellery
 e - an amulet of reflection (around neck)
 f - a +5 ring of evasion
Scrolls
 c - 2 scrolls of teleportation
Potions
 d - 2 potions of curing
 k - a potion of attraction {unknown}

Dungeon Overview and Level Annotations

Branches:
Dungeon (3/15)

Altars:


Message History

The orc priest begins to cast a cantrip, but forgets the words!
You shoot an arrow. The arrow hits the orc priest.
The orc priest is lightly wounded.
The orc priest barely misses you. The orc priest closely misses you.
You shoot an arrow. The arrow hits the orc priest.
The orc priest is moderately wounded.
You block the orc priest's attack. The orc priest closely misses you.
You shoot an arrow.
The arrow hits the orc priest but does no damage.
The orc priest is moderately wounded.
The orc priest hits you but does no damage.
The orc priest closely misses you.
The orc priest invokes the aid of Beogh against you.
You struggle to resist.
You block the orc priest's attack.
You shoot an arrow.
The arrow closely misses the orc priest.
The orc priest calls upon Beogh to heal the orc priest.
The orc priest's wounds heal themselves!
The orc priest hits you but does no damage.
You shoot an arrow.
The arrow hits the orc priest but does no damage.
The orc priest barely misses you. You block the orc priest's attack.
You shoot an arrow.
The arrow completely misses the orc priest.
The orc priest hits you with a +0 club.
The orc priest mumbles some strange prayers to Beogh against you.
Beogh smites you!
1598 ||| READING 3 scrolls of teleportation.
As you read the scroll of teleportation, it crumbles to dust.
You feel strangely unstable.
The orc priest hits you but does no damage.
The orc priest closely misses you.
You shoot an arrow. The arrow hits the orc priest.
The orc priest is moderately wounded.
The orc priest mumbles some strange prayers to Beogh against you.
Pain shoots through your body! The orc priest closely misses you.
You shoot an arrow. The arrow hits the orc priest.
The orc priest is heavily wounded.
The orc priest barely misses you. The orc priest hits you with a +0 club.
You die...

.# #.#.#.#.#. ........
.#.#.#.#.#.#.#
......#.#.#.#<#.#.#.#.
......#.#.#.#.#.#.#.#
#....#.#.#...#.#.#.#.
####....+#.#.....#.#.#.#
........#.#.#...#.#.#.#.
......o.+#.#.....#%#.#.#
......o@#.#.#.#.#.#.#.#.
.....###.#.#.#.#.#.#.#+.
#########.#.#.#.#.#.#.#.#.
#..........#.#.#.#.#.#.#..
#.........#.#.#.#.#.#.#.#.
#..........#.#.#.....#.#.#
#.........#.#.#.#...#.#.#.
#.........%#.#.......#+#.#
#.........####....#.#.. ..


You could see 2 orc priests.

Vanquished Creatures
  2 orc priests (D:3)
  Robin (D:3)
  5 adders
  2 dart slugs
  8 orcs (D:3)
  3 ball pythons
  3 endoplasms
  A giant cockroach (D:1)
  16 goblins
  6 hobgoblins
  2 jackals (D:1)
  10 kobolds
  2 bats
  A frilled lizard (D:2)
  5 rats
67 creatures vanquished.

Notes
Turn   | Place    | Note
-------+----------+-------------------------------------------
     0 | D:1      | qw the Deep Elf Hunter began the quest for the Orb.
     0 | D:1      | Reached XP level 1. HP: 12/12 MP: 3/3
     0 | D:1      | 0 ||| qw: Version: 0.3-a-157-g843a77d
     0 | D:1      | 0 ||| qw: Game counter: 4043
     0 | D:1      | 0 ||| qw: Melee chars always use a shield: true
     0 | D:1      | 0 ||| qw: God list: Okawaru
     0 | D:1      | 0 ||| qw: Allow faded altars: false
     0 | D:1      | 0 ||| qw: Do Orc after clearing Dungeon:15 true
     0 | D:1      | 0 ||| qw: Do second Lair branch before Depths: true
     0 | D:1      | 0 ||| qw: Lair rune preference: random
     0 | D:1      | 0 ||| qw: Goals: Normal
     0 | D:1      | 0 ||| PLANNING D:1-11
   101 | D:1      | 101 ||| READING scroll labelled JEMEIS BIEKHLI.
   109 | D:1      | Reached skill level 6 in Ranged Weapons
   109 | D:1      | Reached XP level 2. HP: 16/16 MP: 4/4
   680 | D:1      | 680 ||| UPGRADING to +0 ring mail.
   690 | D:1      | 690 ||| DROPPING +0 leather armour.
   691 | D:1      | 691 ||| UPGRADING to +2 pair of gloves.
   696 | D:1      | 696 ||| READING 2 scrolls labelled RUUNIKL HAUSHRA.
   696 | D:1      | 696 ||| IDENTIFYING smoky clear potion
   697 | D:1      | 697 ||| READING scroll of identify.
   697 | D:1      | 697 ||| IDENTIFYING coppery potion
   698 | D:1      | 698 ||| READING 3 scrolls labelled ASUISA JACALI.
   698 | D:1      | 698 ||| ENCHANTING +0 shortbow.
   699 | D:1      | 699 ||| READING 2 scrolls of enchant weapon.
   699 | D:1      | 699 ||| ENCHANTING +1 shortbow.
   700 | D:1      | 700 ||| READING scroll of enchant weapon.
   700 | D:1      | 700 ||| ENCHANTING +2 shortbow.
   701 | D:1      | 701 ||| READING scroll labelled NIALEYWITH.
   702 | D:1      | 702 ||| DROPPING scroll of butterflies.
   703 | D:1      | 703 ||| DROPPING potion of brilliance.
   788 | D:2      | Reached XP level 3. HP: 20/20 MP: 5/5
   860 | D:2      | Reached skill level 7 in Ranged Weapons
  1059 | D:2      | Reached XP level 4. HP: 25/25 MP: 6/6
  1220 | D:2      | 1220 ||| UPGRADING to amulet of reflection.
  1225 | D:2      | 1225 ||| READING scroll labelled KADAB GINWUPN.
  1225 | D:2      | 1225 ||| ENCHANTING +0 ring mail.
  1226 | D:2      | 1226 ||| READING scroll labelled XUTZUA HUAVVOJ.
  1229 | D:2      | 1229 ||| READING scroll labelled LIEDUU ZAIZ.
  1273 | D:3      | Noticed Robin
  1297 | D:3      | Killed Robin
  1300 | D:3      | 1300 ||| FLEEEEING.
  1302 | D:3      | 1302 ||| FLEEEEING.
  1303 | D:3      | 1303 ||| FLEEEEING.
  1304 | D:3      | 1304 ||| FLEEEEING.
  1305 | D:3      | 1305 ||| FLEEEEING.
  1306 | D:3      | 1306 ||| FLEEEEING.
  1307 | D:3      | 1307 ||| FLEEEEING.
  1308 | D:3      | 1308 ||| FLEEEEING.
  1309 | D:3      | 1309 ||| FLEEEEING.
  1310 | D:3      | 1310 ||| FLEEEEING.
  1311 | D:3      | 1311 ||| FLEEEEING.
  1397 | D:3      | Reached skill level 8 in Ranged Weapons
  1490 | D:3      | Reached XP level 5. HP: 29/29 MP: 7/7
  1571 | D:3      | Reached skill level 9 in Ranged Weapons
  1597 | D:3      | HP: 5/30 [orc priest/divine providence (7)]
  1598 | D:3      | 1598 ||| READING 3 scrolls of teleportation.
  1599 | D:3      | HP: 1/30 [orc priest/nerve-wracking pain (5)]
  1600 | D:3      | Slain by an orc priest

Levels and vault maps discovered:
D:1:      zaba_arrival_water, layout_basic, serial_glass, glass_columns_a,
          glass_columns_c, minmay_strange_pillars, feat_on_display,
          skrybe_limestone_x
D:2:      layout_basic
D:3:      layout_basic, serial_corexii_hall, corexii_hall_statues_i,
          corexii_hall_statues_t, minmay_stone_trees_small, uniq_robin

Skill      XL: |  1  2  3  4  5 |
---------------+----------------+-----
Ranged Weapons | 6 7 8 9 |  9.0
Fighting       | |  1.6
Dodging        | |  2.4
Stealth        | |  1.2

Action                     |  1- 3 |  4- 6 || total
---------------------------+-------+-------++-------
   Fire: Shortbow          |    86 |    88 ||   174
    Use: Scroll            |     7 |     4 ||    11
 Armour: Leather armour    |     3 |       ||     3
         Ring mail         |     4 |    31 ||    35
  Dodge: Dodged            |    17 |    28 ||    45
  Block: Other             |       |    11 ||    11

Table legend:
 A = Non-vault XP
 B = Vault XP
 C = Vault XP percentage of total XP
 D = Non-vault monster count
 E = Vault monster count
 F = Vault count percentage of total count
                 A         B        C        D         E       F
            +---------+---------+-------+---------+---------+-------
      Total |     247 |      38 |  13.3 |      54 |      13 |  19.4
            +---------+---------+-------+---------+---------+-------
        D:1 |      32 |       0 |   0.0 |      17 |       0 |   0.0
        D:2 |      67 |       0 |   0.0 |      19 |       0 |   0.0
        D:3 |     148 |      38 |  20.4 |      18 |      13 |  41.9
            +---------+---------+-------+---------+---------+-------
